 Dungeon Sprint DCSS version 0.27-a0-1273-gec92ba881d (webtiles) character file.

Game seed: 15319791602784200753

27 mhtbhm the Ruffian (level 3, -1/35 HPs)
             Began as a Ghoul Monk on June 11, 2021.
             Slain by a human (9 damage)
             ... in the Dungeon (Sprint III: "The Ten Rune Challenge").
             The game lasted 00:00:15 (181 turns).

mhtbhm the Ruffian (Ghoul Monk)                      Turns: 181, Time: 00:00:16

Health: -1/35      AC:  2    Str: 15    XL:     3   Next: 10%
Magic:  2/2        EV: 13    Int:  5    God:
Gold:   5          SH:  0    Dex: 11    Spells: 2/2 levels left

rFire    . . .     SeeInvis .     - Unarmed
rCold    + . .     Faith    .   (no shield)
rNeg     + + +     Spirit   .   a - +0 robe
rPois    ∞         Reflect  .   (no helmet)
rElec    .         Harm     .   (no cloak)
rCorr    .         Rampage  .   (no gloves)
Will     .....     NoTele   +   (no boots)
Stlth    ++........             (no amulet)
HPRegen  0.00/turn              (no ring)
MPRegen  0.08/turn              (no ring)

@: no status effects
A: claws 1, cold resistance 1, negative energy resistance 3, inhibited
regeneration, torment resistance 2
a: no special abilities


You were in the Dungeon.
You visited 1 branch You collected 5 gold pieces.

Inventory:

Armour
 a - a +0 robe (worn)
Scrolls
 f - a scroll of blinking
Potions
 b - 2 potions of curing
 d - a potion of haste
 e - 2 potions of magic


   Skills:
 + Level 4.9 Fighting
 + Level 3.9 Dodging
 + Level 2.8 Stealth
 + Level 4.9 Unarmed Combat


You had 2 spell levels left.
You didn't know any spells.
Your spell library was empty.

Dungeon Overview and Level Annotations

Branches:
Dungeon (1/1)

Altars:


Innate Abilities, Weirdness & Mutations

You thrive by killing the living.
You are immune to poison.
You have sharp fingernails.
Your flesh is cold resistant. (rC+)
You are immune to negative energy. (rN+++)
You do not regenerate when monsters are visible.
You are immune to unholy pain and torment.


Message History

The human is moderately wounded.
The human hits you.
You barely miss the human.
The human is moderately wounded.
The human barely misses you.
You barely miss the human.
The human is moderately wounded.
The human hits you.
You closely miss the human.
The human is moderately wounded.
The human closely misses you.
You barely miss the human.
The human is moderately wounded.
The human closely misses you.
You scratch the human but do no damage.
The human is moderately wounded.
The human closely misses you.
You closely miss the human.
The human is moderately wounded.
The human closely misses you.
You closely miss the human.
The human is moderately wounded.
The human closely misses you.
You scratch the human.
The human is heavily wounded.
The human hits you.
* * * LOW HITPOINT WARNING * * *
You scratch the human.
The human is heavily wounded.
You scratch the human.
The human is severely wounded.
The human hits you but does no damage.
You claw the human!
The human is almost dead.
The human hits you.
* * * LOW HITPOINT WARNING * * *
You barely miss the human.
The human is almost dead.
The human hits you!
You die...

▓..†..#
▓.....#...≈≈.. ..
▓....(#..≈≈≈≈♣♣.. +
▓####'#..≈≈≈≈≈≈♣♣.#
▓.....#.≈≈≈≈≈≈....#
▓.)...#.≈≈≈≈≈.....#
▓.....#.≈≈≈.......#
▓'#####...........#
▓..........@p.....#
▓▓▓▓▓▓▓▓▓▓▓▓▓▓▓▓▓▓▓


You could see a human.

Vanquished Creatures
  Jessica (D)
  2 rats (D)
3 creatures vanquished.

Notes
Turn   | Place    | Note
-------+----------+-------------------------------------------
     0 | D        | mhtbhm the Ghoul Monk began the quest for the Orb.
     0 | D        | Reached XP level 1. HP: 19/19 MP: 0/0
    14 | D        | Noticed Jessica
    19 | D        | Killed Jessica
    20 | D        | Reached XP level 2. HP: 17/28 MP: 1/1
    20 | D        | Reached XP level 3. HP: 21/35 MP: 2/2
   181 | D        | Slain by a human

Illustrated notes

Levels and vault maps discovered:
D:        dungeon_sprint_mu [sprint_mu_entry_forest, sprint_mu_temple_rooms,
          sprint_mu_d1_spiders, sprint_mu_d2_genie, sprint_mu_d3_branching,
          sprint_mu_orc_legion, sprint_mu_elf_gauntlet, sprint_mu_hive_nellie,
          sprint_mu_lair_fedhas, sprint_mu_vaults_butterflies,
          sprint_mu_slime_circle, sprint_mu_shoals_archi,
          sprint_mu_snake_twists, sprint_mu_blade_basic,
          sprint_mu_crypt_fortress, sprint_mu_tomb_spiral,
          sprint_mu_vestibule_basic, sprint_mu_gehenna_hellfire,
          sprint_mu_dis_giant, sprint_mu_tartarus_statrot,
          sprint_mu_cocytus_islands, sprint_mu_zot1]

Skill      XL: |  1 |
---------------+----+-----
Fighting       | 4 |  4.9
Dodging        | 3 |  3.9
Unarmed Combat | 4 |  4.9
Stealth        | |  2.8

Action                   || total
-------------------------++-------
Melee: Unarmed           ||    29
  Use: Potion            ||     1
 Stab: Sleeping          ||     1
Armor: Robe              ||     1
Dodge: Dodged            ||    14

Table legend: (Time is in decaauts)
 A = Elapsed time spent in this place.
 B = Non-inter-level travel time spent in this place.
 C = Inter-level travel time spent in this place.
 D = Time resting spent in this place.
 E = Time spent auto-exploring this place.
 F = Levels seen in this place.
 G = Mean time per level.
                   A        B        C        D        E       F      G
               +--------+--------+--------+--------+--------+-----+--------+
         Total |    178 |    178 |      0 |    119 |     11 |   1 |  178.0 |
       Dungeon |    178 |    178 |      0 |    119 |     11 |   1 |  178.0 |
               +--------+--------+--------+--------+--------+-----+--------+

Top non-repeatable levels by time:
       D: 178 daAuts
